 Dungeon Crawl Stone Soup version 0.29.1-1-gd02db6906a (webtiles) character file.

Game seed: 10175838777299799838

127493 bwicke the Severer (level 16, -2/140 HPs)
             Began as a Palentonga Fighter on Sept 19, 2022.
             Was a Priest of Uskayaw.
             Slain by an alligator snapping turtle (32 damage)
             ... on level 3 of the Shoals on Oct 19, 2022.
             The game lasted 02:04:19 (28031 turns).

bwicke the Severer (Palentonga Fighter)            Turns: 28031, Time: 02:04:19

Health: -2/140     AC: 30    Str: 31    XL:     16   Next: 46%
Magic:  22/23      EV:  5    Int:  4    God:    Uskayaw [***...]
Gold:   1251       SH: 27    Dex: 12    Spells: 15/15 levels left

rFire   + . .      SeeInvis +   u - +7 sceptre of Torment {pain, torment}
rCold   + . .      Faith    +   h - +10 tower shield of Ignorance {rN+ Int-4}
rNeg    + . .      Spirit   .   H - +1 leather armour of the Gloaming {Slay+5}
rPois   .          Reflect  .   y - +0 helmet
rElec   .          Harm     .   (no cloak)
rCorr   .          Rampage  .   A - +0 pair of gloves {Str+3}
Will    +....                   F - +0 barding {rF+}
Stlth   +.........              m - amulet of faith
HPRegen 0.33/turn               k - +4 ring of protection
MPRegen 0.18/turn               s - +4 ring of protection

@: lethally poisoned (-2 -> -26), curled up, very slow
A: large, rugged brown scales 3, see invisible, deformed body, roll 1, armoured
tail, reflexive curl, stinger 1, cold resistance 1
a: Rolling Charge, Renounce Religion, Stomp, Line Pass


You were on level 3 of the Shoals.
You worshipped Uskayaw.
Uskayaw was aware of your devotion.
You visited 5 branches of the dungeon, and saw 26 of its levels.
You visited the Abyss 1 time.
You also visited: Ossuary and Gauntlet.

You collected 2183 gold pieces.
You spent 932 gold pieces at shops.

Inventory:

Hand Weapons
 b - the +1 war axe of Collusion {flame, rC+ rN+}
   (You found it on level 1 of the Lair of Beasts)

   It burns those it strikes, dealing additional fire damage.
   Big, fiery blades are also staple armaments of hydra-hunters.
   rC:        It protects you from cold.
   rN:        It protects you from negative energy.
 f - the +8 war axe "Xoipof" {vorpal, rC+ Dex+2}
   (You found it on level 5 of the Lair of Beasts)

   It inflicts extra damage upon your enemies.
   Dex:       It affects your dexterity (+2).
   rC:        It protects you from cold.
 u - the +7 sceptre of Torment (weapon) {pain, torment}
   (You took it off a minotaur in a Gauntlet)

   In the hands of one skilled in necromantic magic, it inflicts extra damage on
   living creatures.
   It occasionally torments all nearby living foes when it strikes in combat.
 D - the +11 shortbow "Ogrebane" {freeze, Fly}
   (You found it on level 6 of the Dungeon)

   Any ammunition fired from it freezes those it strikes, dealing additional
   cold damage.
   It can also slow down cold-blooded creatures.
   Fly:       It grants you flight.
 K - a +4 mace of freezing
 Z - a +5 flail of holy wrath
Missiles
 r - 13 silver javelins
 G - 6 throwing nets
 O - 10 curare-tipped darts
Armour
 a - the +8 ring mail of Bebaiqiczy {rElec Str+4 Stlth+}
   (You took it off a minotaur in a Gauntlet)

   Str:       It affects your strength (+4).
   rElec:     It insulates you from electricity.
   Stlth:     It makes you more stealthy.
 h - the +10 tower shield of Ignorance (worn) {rN+ Int-4}
   (You found it on level 10 of the Dungeon)

   Int:       It affects your intelligence (-4).
   rN:        It protects you from negative energy.
 y - a +0 helmet (worn)
 A - a +0 pair of gloves of strength (worn)
 F - a +0 barding of fire resistance (worn)
 H - the +1 leather armour of the Gloaming (worn) {Slay+5}
   (You found it on level 6 of the Dungeon)

   Slay:      It affects your accuracy & damage with ranged weapons and melee
   (+5).
 U - a +1 robe of resistance
Jewellery
 j - a ring of poison resistance
 k - a +4 ring of protection (left hand)
 m - an amulet of faith (around neck)
 p - an amulet of the acrobat
 s - a +4 ring of protection (right hand)
 N - a ring of willpower
 V - a ring of positive energy
 Y - the ring "Hyheyreu" {Drain rElec rC+ rN+++ rCorr}
   (You took it off a minotaur in a Gauntlet)

   [ring of resist corrosion]

   rC:        It protects you from cold.
   rElec:     It insulates you from electricity.
   rN:        It renders you almost immune to negative energy.
   rCorr:     It protects you from acid and corrosion.
   Drain:     It drains your maximum health when unequipped.
Wands
 c - a wand of quicksilver (18)
 e - a wand of iceblast (28)
 n - a wand of digging (3)
 B - a wand of mindburst (5)
 T - a wand of polymorph (6)
Scrolls
 o - 13 scrolls of teleportation
 t - 4 scrolls of poison
 x - 3 scrolls of silence
 z - 5 scrolls of amnesia
 C - 3 scrolls of fear
 I - a scroll of blinking
 P - 5 scrolls of immolation
 R - 4 scrolls of fog
 W - 3 scrolls of magic mapping
 X - a scroll of summoning
Potions
 d - 4 potions of might
 g - 9 potions of lignification
 i - a potion of cancellation
 l - 3 potions of magic
 q - 3 potions of heal wounds
 v - 12 potions of curing
 w - 4 potions of flight
 J - a potion of resistance
 L - 3 potions of haste
 M - 8 potions of brilliance
 Q - 5 potions of mutation
 S - 5 potions of attraction
Miscellaneous
 E - a phial of floods


   Skills:
 - Level 13.4 Fighting
 - Level 15.0(15.9) Axes
 - Level 9.0(13.0) Maces & Flails
 - Level 9.1 Armour
 - Level 13.6 Shields
 + Level 8.9 Necromancy
 - Level 10.0 Invocations


You had 15 spell levels left.
You didn't know any spells.
Your spell library contained the following spells:

 Spells                   Type           Power      Damage    Failure   Level
 Necrotise                Necr           28%        1d5       4%          1
 Apportation              Tloc           0%         N/A       88%         1
 Magic Dart               Conj           0%         1d3       88%         1
 Summon Small Mammal      Summ           0%         N/A       88%         1
 Ensorcelled Hibernation  Hex/Ice        0%         N/A       96%         2
 Searing Ray              Conj           0%         2d4       96%         2
 Static Discharge         Conj/Air       0%         3-3/arc   96%         2
 Anguish                  Hex/Necr       1%         N/A       97%         4
 Ozocubu's Armour         Ice            0%         N/A       99%         3
 Spider Form              Tmut/Pois      0%         N/A       99%         3
 Animate Armour           Summ/Erth      0%         N/A       100%        4
 Fulminant Prism          Conj/Hex       0%         3d6       100%        4
 Blade Hands              Tmut           0%         N/A       100%        5
 Fireball                 Conj/Fire      0%         3d3       100%        5
 Iskenderun's Battlesphe  Conj           0%         2d6       100%        5
 Lightning Bolt           Conj/Air       0%         1d11      100%        5
 Conjure Ball Lightning   Conj/Air       0%         3x3d6     100%        6
 Iron Shot                Conj/Erth      0%         9d1       100%        6
 Orb of Destruction       Conj           0%         9d5       100%        7
 Ozocubu's Refrigeration  Ice            0%         4d7       100%        7
 Maxwell's Capacitive Co  Air            0%         ∞         100%        8


Dungeon Overview and Level Annotations

Branches:
Dungeon (15/15)            Temple (1/1) D:7            Lair (5/5) D:9
 Shoals (3/4) Lair:2        Snake (0/4) Lair:2        Slime (0/5) Lair:4
    Orc (2/2) D:12            Elf (0/3) Orc:2        Vaults (0/5) D:14
 Depths (0/4) D:15        Ossuary (visited)         Gauntlet (visited)

Altars:
Ashenzari
Cheibriados
Dithmenos
Elyvilon
Fedhas
Gozag
Hepliaklqana
Kikubaaqudgha
Makhleb
Nemelex Xobeh
Okawaru
Qazlal
Ru
Sif Muna
Trog
Uskayaw
Vehumet
Wu Jian
Xom
Yredelemnul
Zin
The Shining One
Jiyva

Shops:
D:6 !   Orc:2 (:=[

Annotations:
D:10 1 runed translucent door, exclusion: 4 orange crystal statues


Innate Abilities, Weirdness & Mutations

You are completely covered in rugged brown scales. (AC +3, +7% HP)
You have supernaturally acute eyesight. (SInv)
Armour fits poorly on your strangely shaped body.
You can roll at nearby foes to attack.
You have a long armoured tail.
You curl defensively after being hit. (AC +7*)
Your tail ends in a venomous barb.
Your flesh is cold resistant. (rC+)


Message History

You block the merfolk's attack.
The merfolk impaler hits you with a +2 trident of venom.
You are more poisoned.
The water nymph casts a spell at you. The water swirls and strikes you.
Uskayaw will force your foes to helplessly watch your dance.
Uskayaw prepares the audience for your solo!
The helpless alligator snapping turtle fails to defend itself.
You sock the alligator snapping turtle!
The alligator snapping turtle writhes in agony.
The alligator snapping turtle is heavily wounded.
You feel very sick.
The alligator snapping turtle is no longer paralysed.
You block the alligator snapping turtle's attack.
You hit the alligator snapping turtle.
You tail-slap the alligator snapping turtle, but do no damage.
The alligator snapping turtle is heavily wounded.
You feel very sick.
The alligator snapping turtle bites you but does no damage.
You hit the alligator snapping turtle but do no damage.
The alligator snapping turtle writhes in agony!
The alligator snapping turtle is heavily wounded.
You feel sick.
The water nymph is no longer paralysed.
The merfolk impaler is no longer paralysed.
The merfolk is no longer paralysed. x3; You block the merfolk's attack.
You block the merfolk impaler's attack. You block the merfolk's attack. x2
The merfolk impaler hits you with a +2 trident of venom!
The alligator snapping turtle bites you!!
You sock the alligator snapping turtle!
The alligator snapping turtle writhes in agony.
The alligator snapping turtle is severely wounded.
You feel sick.
The merfolk throws a boomerang.
You block the boomerang.
The merfolk impaler hits you with a +2 trident of venom!!
You are more poisoned.
The merfolk throws a boomerang.
You block the boomerang. You block the merfolk's attack.
The merfolk impaler hits you with a +2 trident of venom!
* * * LOW HITPOINT WARNING * * *
The alligator snapping turtle bites you!!
You die...

≈≈≈~... ###.........~
~~~≈~~...###<..~....~~.~
..~~~..............~~~.~
~~≈~...##..........~~~~~
~~≈≈~...###........~~~~~
≈~~≈m~~...##~~....~~~~~~
≈≈≈≈≈~mmm...~~~~.~†~~~~~
~~≈≈≈~m.....~~~)~~~~~..~
≈~~~~~t@..~~~....~~~~~~~
~≈≈..~~~~~~~..~~.~~≈≈~~~
~~~~~~~~~...#.~~~.~≈≈≈~~
~~~~~~~~~..###....~~≈~~~
~~~~~~~~~.........~~≈~~~
≈≈≈≈~~~....#....~~~~≈~~~
≈≈≈≈~~.....#.....~~~≈≈≈~
~~≈≈~~~...##...~...~≈≈
≈~~~... #.......~≈≈


You could see an alligator snapping turtle, a merfolk impaler, 3 merfolk and a
water nymph.

Vanquished Creatures
  Rupert (D:14)
  A titan (Shoals:2)
  An orc warlord (Orc:2)
  Nessos (D:14)
  A bunyip (Abyss:2)
  A minotaur (Gauntlet)
  Snorg (D:13)
  An ettin (Orc:1)
  9 hydras
  An ogre mage (D:14)
  2 merfolk aquamancers
  8 boulder beetles
  12 two-headed ogres
  A satyr (Shoals:2)
  Erica (D:8)
  3 centaur warriors
  A death knight (D:14)
  A death yak (Lair:2)
  A tengu warrior (D:15)
  5 orc high priests
  Urug (D:14)
  3 skeletal warriors (D:15)
  6 sea snakes
  2 starcursed masses (Abyss:3)
  2 wizards (D:15)
  9 harpies
  A necromancer (D:15)
  2 lindwurms (Lair:5)
  Pikel (D:4)
  3 orc knights (Orc:2)
  3 deep elf pyromancers
  6 fauns
  4 orc sorcerers (Orc:2)
  11 ugly things (D:14)
  A wolf spider (D:15)
  11 cyclopes
  9 manticores
  6 elephants (Lair:4)
  2 oklob plants (Lair:5)
  3 black mambas
  Maurice (D:13)
  2 merfolk sirens
  3 water nymphs
  2 naga magi (D:15)
  2 molten gargoyles (Lair:5)
  2 torpor snails
  A gargoyle (D:11)
  A centaur skeleton (D:15)
  An efreet (D:15)
  A rime drake (Lair:2)
  5 yaktaurs (D:15)
  11 cane toads
  18 komodo dragons
  12 merfolk
  2 wind drakes
  3 meliai (D:14)
  2 polar bears
  A tyrant leech (Gauntlet)
  A wind drake (shapeshifter) (D:13)
  5 hornets
  Grinder (D:5)
  7 trolls
  5 slime creatures (D:12)
  12 blink frogs
  3 raiju (Abyss:2)
  2 snapping turtles
  20 dream sheep
  6 water elementals
  12 spriggans (Lair:4)
  A vampire (D:14)
  A shadow (D:9)
  5 wyverns (Lair:5)
  A wraith (D:12)
  39 yaks
  4 basilisks
  16 humans (D:14)
  2 large abominations (Gauntlet)
  3 steam dragons (Lair:5)
  3 swamp worms (Gauntlet)
  Edmund (D:6)
  9 vampire mosquitoes
  An acid dragon (D:12)
  9 wargs
  5 hell hounds (Lair:5)
  2 nagas (Lair:2)
  6 water moccasins
  4 black bears
  An ice beast (D:6)
  36 orc warriors
  2 sky beasts
  9 ogres
  25 wolves
  3 boggarts (Lair:4)
  7 centaurs
  A phantom (D:6)
  Blork the orc (D:5)
  12 bullfrogs
  3 scorpions (D:6)
  5 small abominations (Gauntlet)
  2 gnoll sergeants
  8 wights
  2 howler monkeys
  3 centaur zombies
  4 lava snakes (Lair:5)
  A human zombie (Ossuary)
  3 iron imps (D:4)
  32 orc priests
  3 hounds
  2 gnoll boudas
  Ijyb (D:3)
  2 iguanas
  19 orc wizards
  5 hell rats (Lair:5)
  3 mummies (Ossuary)
  16 gnolls
  9 adders
  A shadow imp (D:8)
  A white imp (D:7)
  4 ufetubi
  4 worms
  2 dart slugs (D:3)
  123 orcs
  2 bats (D:2)
  10 endoplasms
  3 giant cockroaches
  6 goblins
  12 hobgoblins
  2 jackals (D:1)
  4 ball pythons
  4 frilled lizards
  A gnoll zombie (Ossuary)
  2 goblin zombies (Ossuary)
  A hobgoblin zombie (Ossuary)
  13 kobolds
  2 orc zombies (Ossuary)
  3 rats
  A butterfly (Lair:4)
816 creatures vanquished.

Vanquished Creatures (collateral kills)
  A fire dragon (Lair:5)
  A wyvern (D:7)
  An orc (D:7)
3 creatures vanquished.

Vanquished Creatures (others)
  An orc priest (Orc:2)
  20 demonic plants (Gauntlet)
  24 fungi
  50 plants
95 creatures vanquished.

Grand Total: 914 creatures vanquished

Notes
Turn   | Place    | Note
-------+----------+-------------------------------------------
     0 | D:1      | bwicke the Palentonga Fighter began the quest for the Orb.
     0 | D:1      | Reached XP level 1. HP: 19/19 MP: 1/1
   163 | D:1      | Reached XP level 2. HP: 25/25 MP: 2/2
   228 | D:1      | Found a faded altar of an unknown god.
   401 | D:1      | Reached skill level 3 in Axes
   984 | D:2      | Reached skill level 1 in Maces & Flails
   984 | D:2      | Reached XP level 3. HP: 13/31 MP: 3/3
  1228 | D:2      | Identified the +0 helmet "Piaw" {Rampage *Slow rCorr
                  | Slay-6}
  2024 | D:2      | Reached XP level 4. HP: 36/37 MP: 4/4
  2084 | D:3      | Reached skill level 4 in Axes
  2337 | D:3      | Noticed Ijyb
  2337 | D:3      | Paralysed by Ijyb for 3 turns
  2342 | D:3      | Paralysed by Ijyb for 3 turns
  2350 | D:3      | Paralysed by Ijyb for 2 turns
  2356 | D:3      | Killed Ijyb
  2486 | D:3      | Found a glowing golden altar of the Shining One.
  2496 | D:3      | Found a sacrificial altar of Ru.
  2496 | D:3      | Found a glowing silver altar of Zin.
  2497 | D:3      | Found a basalt altar of Yredelemnul.
  2518 | D:3      | Became a worshipper of the Shining One
  2540 | D:3      | Reached skill level 5 in Axes
  2540 | D:3      | Reached XP level 5. HP: 43/43 MP: 5/5
  2730 | D:3      | Found a white marble altar of Elyvilon.
  2973 | D:4      | Found a snail-covered altar of Cheibriados.
  2982 | D:4      | Reached skill level 6 in Axes
  3003 | D:4      | Found a shadowy altar of Dithmenos.
  3020 | D:4      | Reached XP level 6. HP: 50/50 MP: 6/6
  3108 | D:4      | Found a bloodstained altar of Trog.
  3117 | D:4      | Noticed Pikel
  3143 | D:4      | Killed Pikel
  3144 | D:4      | Reached skill level 8 in Axes
  3144 | D:4      | Gained mutation: You curl defensively after being hit. (AC
                  | +7*) [Palentonga growth]
  3144 | D:4      | Reached XP level 7. HP: 35/55 MP: 7/7
  3475 | D:4      | Found a radiant altar of Vehumet.
  3640 | D:4      | Found a burning altar of Makhleb.
  3654 | D:4      | Reached skill level 9 in Axes
  3827 | D:5      | Entered Level 5 of the Dungeon
  4061 | D:5      | Reached XP level 8. HP: 57/62 MP: 8/8
  4073 | D:5      | Noticed Grinder
  4078 | D:5      | Killed Grinder
  4078 | D:5      | Reached * piety under the Shining One
  4078 | D:5      | Noticed Blork the orc
  4079 | D:5      | Reached skill level 10 in Axes
  4082 | D:5      | Killed Blork the orc
  4359 | D:5      | Found the +12 pair of quick blades "Gyre" and "Gimble"
                  | {protect}
  4374 | D:5      | Found a stormy altar of Qazlal.
  4716 | D:6      | Noticed Edmund
  4731 | D:6      | Killed Edmund
  4846 | D:6      | Identified the +11 shortbow "Ogrebane" {freeze, Fly}
  5156 | D:6      | Reached XP level 9. HP: 67/67 MP: 12/12
  5169 | D:6      | Reached skill level 5 in Invocations
  5196 | D:6      | Identified the +1 leather armour of the Gloaming {Slay+5}
  5682 | D:6      | Found Qaog's Distillery.
  5866 | D:7      | Noticed a troll
  5873 | D:7      | Killed a troll
  5874 | D:7      | Reached skill level 5 in Fighting
  5930 | D:7      | Found a sand-covered staircase.
  5936 | Ossuary  | Entered an ossuary
  5980 | Ossuary  | Reached ** piety under the Shining One
  6408 | D:7      | Identified a scroll of acquirement
  6408 | D:7      | Acquired a +0 barding of fire resistance
  6444 | D:7      | Found a staircase to the Ecumenical Temple.
  6855 | D:8      | Found an ancient bone altar of Kikubaaqudgha.
  7041 | D:8      | Noticed Erica
  7047 | D:8      | Killed Erica
  7145 | D:8      | Reached XP level 10. HP: 85/85 MP: 14/14
  7153 | D:8      | Reached *** piety under the Shining One
  7294 | D:8      | Reached skill level 5 in Shields
  7820 | D:8      | Found a shimmering altar of Xom.
  7821 | D:8      | Found a hazy altar of Hepliaklqana.
  7989 | D:9      | Noticed a two-headed ogre
  8001 | D:9      | Killed a two-headed ogre
  8353 | D:9      | Noticed a two-headed ogre
  8354 | D:9      | Found a staircase to the Lair.
  8357 | D:9      | Killed a two-headed ogre
  8579 | D:9      | Found a sparkling altar of Nemelex Xobeh.
  8629 | D:9      | Reached skill level 11 in Axes
  8910 | D:10     | Entered Level 10 of the Dungeon
  8965 | D:10     | Reached XP level 11. HP: 77/92 MP: 15/15
  9066 | D:10     | Noticed an orange crystal statue
  9067 | D:10     | Found a runed translucent door.
  9071 | D:10     | Found the +10 tower shield of Ignorance {rN+ Int-4}
  9115 | D:10     | Found a runed translucent door.
  9140 | D:10     | Noticed an orange crystal statue
  9140 | D:10     | Noticed an orange crystal statue
  9140 | D:10     | Noticed an orange crystal statue
  9167 | D:10     | Noticed a two-headed ogre
  9168 | D:10     | Noticed a two-headed ogre
  9168 | D:10     | Noticed a two-headed ogre
  9168 | D:10     | Noticed a two-headed ogre
  9640 | Lair:1   | Entered Level 1 of the Lair of Beasts
  9838 | Lair:1   | You fall into a shaft and drop 1 floor!
  9890 | Lair:1   | Identified the +1 war axe of Collusion {flame, rC+ rN+}
  9941 | Lair:1   | Noticed a seven-headed hydra
  9948 | Lair:1   | Killed a three-headed hydra
 10332 | Lair:1   | Reached **** piety under the Shining One
 10347 | Lair:1   | Reached skill level 12 in Axes
 10429 | Lair:1   | Noticed a boulder beetle
 10440 | Lair:1   | Killed a boulder beetle
 11076 | Lair:2   | Reached skill level 10 in Shields
 11125 | Lair:2   | Noticed an eight-headed hydra
 11135 | Lair:2   | Killed a four-headed hydra
 11287 | Lair:2   | Found a staircase to the Shoals.
 11488 | Lair:2   | Found a staircase to the Snake Pit.
 11619 | Lair:2   | Reached skill level 13 in Axes
 11674 | Lair:2   | Noticed a death yak
 11674 | Lair:2   | Noticed a six-headed hydra
 11680 | Lair:2   | Killed a five-headed hydra
 11681 | Lair:2   | Reached XP level 12. HP: 51/98 MP: 12/16
 11689 | Lair:2   | Killed a death yak
 12260 | Lair:3   | Noticed a boulder beetle
 12540 | Lair:2   | Killed a boulder beetle
 12778 | Lair:3   | Reached skill level 14 in Axes
 14011 | Lair:4   | Reached XP level 13. HP: 104/104 MP: 20/20
 14024 | Lair:4   | Reached skill level 10 in Invocations
 14025 | Lair:4   | Reached skill level 15 in Axes
 14407 | Lair:4   | Found a staircase to the Slime Pits.
 14407 | Lair:4   | Found a viscous altar of Jiyva.
 14935 | Lair:4   | Reached skill level 5 in Armour
 15271 | Lair:5   | Entered Level 5 of the Lair of Beasts
 16100 | Lair:5   | Reached ***** piety under the Shining One
 16243 | Lair:5   | Noticed a fire dragon
 16246 | Lair:5   | Found a large runed translucent door.
 16246 | Lair:5   | Found a large runed translucent door.
 16528 | Lair:5   | Killed a fire dragon
 16653 | Lair:5   | Identified the +8 war axe "Xoipof" {vorpal, rC+ Dex+2}
 17335 | Lair:5   | Gained mutation: You have sharp toenails. [potion of
                  | mutation]
 17335 | Lair:5   | Gained mutation: You passively dampen the noise of your
                  | surroundings. [potion of mutation]
 18012 | D:11     | Reached XP level 14. HP: 113/113 MP: 21/21
 18046 | D:11     | Found a gate leading to a gauntlet.
 18079 | Gauntlet | Entered a Gauntlet
 18079 | Gauntlet | Found a transporter.
 18079 | Gauntlet | Found a transporter.
 18081 | Gauntlet | Found a transporter.
 18081 | Gauntlet | Found a transporter.
 18084 | Gauntlet | Found a transporter.
 18125 | Gauntlet | Found a transporter.
 18128 | Gauntlet | Found a transporter.
 18128 | Gauntlet | Found a transporter.
 18134 | Gauntlet | Noticed a quicksilver ooze
 18141 | Gauntlet | Found a transporter.
 18157 | Gauntlet | Found a transporter.
 18181 | Gauntlet | Found a transporter.
 18188 | Gauntlet | Found a transporter.
 18229 | Gauntlet | Found a transporter.
 18244 | Gauntlet | Found a transporter.
 18455 | Gauntlet | Identified the +8 ring mail of Bebaiqiczy {rElec Str+4
                  | Stlth+}
 18455 | Gauntlet | Identified the ring "Hyheyreu" {Drain rElec rC+ rN+++
                  | rCorr}
 18577 | D:11     | Reached skill level 10 in Fighting
 18776 | D:11     | You fall into a shaft and drop 3 floors!
 18789 | D:14     | Noticed Nessos
 18792 | D:14     | Found a gate to the Vaults.
 18792 | D:14     | Killed Nessos
 18798 | D:14     | Noticed Urug
 18800 | D:14     | Noticed Rupert
 18803 | D:14     | Paralysed by Urug for 3 turns
 18816 | D:14     | Killed Rupert
 18817 | D:14     | Killed Urug
 18848 | D:14     | Found a shimmering altar of Xom.
 18851 | D:14     | Found a shimmering altar of Xom.
 18852 | D:14     | Found a shimmering altar of Xom.
 18852 | D:14     | Found a shimmering altar of Xom.
 18855 | D:14     | Found a shimmering altar of Xom.
 18856 | D:14     | Found a shimmering altar of Xom.
 18856 | D:14     | Found a shimmering altar of Xom.
 18859 | D:14     | HP: 2/120 [acid (7)]
 18871 | D:13     | Noticed Maurice
 18883 | D:13     | Killed Maurice
 18908 | D:13     | Noticed Snorg
 18917 | D:13     | Killed Snorg
 19137 | D:13     | Lost mutation: You passively dampen the noise of your
                  | surroundings. [potion of mutation]
 19137 | D:13     | Lost mutation: You have sharp toenails. [potion of
                  | mutation]
 19137 | D:13     | Gained mutation: Your flesh is cold resistant. (rC+)
                  | [potion of mutation]
 19137 | D:13     | Gained mutation: Your tail ends in a venomous barb. [potion
                  | of mutation]
 21145 | D:12     | Found a staircase to the Orcish Mines.
 21154 | D:12     | Reached skill level 5 in Maces & Flails
 21207 | D:12     | Reached XP level 15. HP: 121/132 MP: 22/22
 21845 | Orc:1    | Entered Level 1 of the Orcish Mines
 22182 | Orc:2    | Entered Level 2 of the Orcish Mines
 22782 | Orc:2    | Found Hireujir's Antique Weapon Shoppe.
 22782 | Orc:2    | Reached ****** piety under the Shining One
 22831 | Orc:2    | Noticed an orc warlord
 22868 | Orc:2    | Killed an orc warlord
 22950 | Orc:2    | Found Weqif's Book Boutique.
 23428 | Orc:2    | Found Nattus's Jewellery Boutique.
 23442 | Orc:2    | Found Otteb's Antique Armour Shop.
 23454 | Orc:2    | Bought a bloodstained buckler for 332 gold pieces
 23454 | Orc:2    | Identified the +0 buckler "Raggao" {Harm rPois rN++ Int-2}
                  | (You bought it in a shop on level 2 of the Orcish Mines)
 23543 | Orc:2    | Found a staircase to the Elven Halls.
 23866 | D:15     | Entered Level 15 of the Dungeon
 24367 | Abyss:2  | Cast into level 2 of the Abyss (a wizard)
 24529 | D:15     | Escaped the Abyss
 24555 | D:15     | Found a staircase to the Depths.
 25278 | D:8      | Found an ornate altar of the Wu Jian Council.
 25617 | Temple   | Entered the Ecumenical Temple
 25637 | Temple   | Fell from the grace of the Shining One
 25637 | Temple   | Became a worshipper of Uskayaw the Reveller
 25833 | Orc:2    | Bought an amulet of faith for 600 gold pieces
 26021 | Shoals:1 | Entered Level 1 of the Shoals
 26029 | Shoals:1 | Reached * piety under Uskayaw
 26032 | Shoals:1 | Reached ** piety under Uskayaw
 26033 | Shoals:1 | Reached skill level 1 in Necromancy
 26034 | Shoals:1 | Reached *** piety under Uskayaw
 26042 | Shoals:1 | Reached **** piety under Uskayaw
 26043 | Shoals:1 | Reached ***** piety under Uskayaw
 26049 | Shoals:1 | Reached XP level 16. HP: 119/140 MP: 23/23
 26296 | Shoals:1 | Reached skill level 5 in Necromancy
 27476 | Shoals:2 | Noticed a titan
 27498 | Shoals:2 | Killed a titan
 27785 | Shoals:2 | Reached ****** piety under Uskayaw
 28031 | Shoals:3 | Slain by an alligator snapping turtle

Illustrated notes

Levels and vault maps discovered:
D:1:      minmay_arrival_stair_chambers, layout_loops_ring,
          shapermc_ecumenical_altar_hornbeckon, chequers_serial_rivers_room_b,
          serial_bayou_lagoon_a, st_stairs_13, solitary_fountain
D:2:      layout_basic, minmay_pentomino_o4
D:3:      minmay_chambers_of_twos, layout_basic, minitemple,
          nicolae_elyvilon_temple_path, hangedman_decor_points, uniq_ijyb
D:4:      layout_rooms, trog_butcher_becter, nicolae_vehumet_altar_sigil,
          demons_altar, mainiacjoe_overflow_catwalk_spiral, corner_web_ring,
          nrook_campfire, uniq_pikel
D:5:      layout_gridville, old_standard_altar, grunt_decor_junction,
          uniq_grinder, uniq_blork_the_orc
D:6:      black_bear_nest_1, layout_basic, serial_shops, shop, uniq_edmund
D:7:      layout_loops_ring, minmay_temple_entry_butterflies,
          nicolae_ossuary_entry_plus
D:8:      layout_loops_corners, regret_index_temple_of_mockery,
          nicolae_overflow_hidden_temple, st_stairs_9, uniq_erica
D:9:      corexii_shack_village, layout_irregular_city,
          nemelex_diamond_rough_becter, david_lair_shrubbed
D:10:     layout_loops_ring, chequers_guarded_unrand_ignorance
D:11:     layout_cave_pools, gauntlet_entry_generic, minivault_25_ag
D:12:     layout_small_grid, david_orc_3
D:13:     layout_cave_pools, uniq_snorg, uniq_maurice
D:14:     layout_cave_pods, david_vaults_3, serial_park, serial_park_square2,
          serial_park_square1 [serial_park_minivault_5x5_7], serial_park_square3
          [serial_park_minivault_5x5_1], nicolae_xom_altar_mimics
D:15:     grunt_enter_depths_magical_seal, layout_small_grid
Temple:   nicolae_temple_stand_before_the_council
Lair:1:   layout_hall_layers, st_stairs_3, grunt_megastairs_2, lemuel_fruit_tree
Lair:2:   layout_loops_ring, elwin_shoals_entry_rocks,
          guppyfry_snake_entry_garden, hangedman_lair_generics_rect
Lair:3:   layout_roguey, minmay_hedge_maze, grunt_megastairs_3
Lair:4:   kb_forest_paths, layout_layer_cave, slime_entry_1, lemuel_fruit_fields
Lair:5:   cheibrodos_lair_end_hotspot, layout_small_grid, columned_hall_lemuel,
          dpeg_oklob_1
Shoals:1: layout_shoals
Shoals:2: cheibrodos_shoals_gigantism, layout_shoals
Shoals:3: layout_shoals, gammafunk_ghost_cemetery,
          nicolae_shoals_pincushion_passage, uniq_polyphemus
Orc:1:    layout_diamond_mine, basic_altar
Orc:2:    pubby_orc_utopia, uniq_urug

Skill      XL: |  1  2  3  4  5  6  7  8  9 10 11 12 13 14 15 16 |
---------------+-------------------------------------------------+-----
Axes           | 3 5 6 8 9 10 11 13 14 15 | 15.0
Maces & Flails | 1 5 9 |  9.0
Invocations    | 4 6 9 10 | 10.0
Fighting       | 8 13 | 13.4
Shields        | 8 10 11 13 | 13.6
Armour         | 9 |  9.1
Necromancy     | 2 8 |  8.9

Action                   |  1- 3 |  4- 6 |  7- 9 | 10-12 | 13-15 | 16-18 || total
-------------------------+-------+-------+-------+-------+-------+-------++-------
Melee: War axe           |    55 |   103 |   109 |    52 |   598 |       ||   917
       Tailslap          |     5 |    12 |    31 |   108 |   200 |    17 ||   373
       Whip              |    41 |       |       |       |       |       ||    41
       Hand axe          |       |       |    77 |   402 |   326 |       ||   805
       Rapier            |       |       |       |    14 |     8 |       ||    22
       Eveningstar       |       |       |       |       |    16 |   153 ||   169
Throw: Dart              |       |     1 |       |       |       |       ||     1
Invok: Divine Shield     |       |       |     2 |     8 |    18 |       ||    28
       Summon Divine War |       |       |       |       |     1 |       ||     1
       Stomp             |       |       |       |       |       |     1 ||     1
 Abil: Rolling Charge    |    25 |    27 |    44 |    67 |   200 |    46 ||   409
Evoke: Wand              |       |     1 |       |       |     1 |       ||     2
  Use: Scroll            |     8 |     6 |    12 |     6 |     5 |       ||    37
       Potion            |       |       |       |     3 |    10 |       ||    13
 Stab: Paralysed         |       |       |       |       |     1 |    20 ||    21
Armor: Scale mail        |    42 |    31 |    42 |       |       |       ||   115
       Leather armour    |       |       |    21 |   129 |   200 |    46 ||   396
Dodge: Dodged            |    29 |    20 |    36 |    66 |    91 |    19 ||   261
Block: Buckler           |    16 |    23 |    30 |    53 |       |       ||   122
       Tower shield      |       |       |       |   289 |   943 |   168 ||  1400
